 Dungeon Crawl Stone Soup version 0.30-a0-297-g0ec75d9ef4 (webtiles) character file.

Game seed: 4242873255805992165

32 Harunobu the Trooper (level 3, -1/33 HPs)
             Began as a Minotaur Monk on Oct 18, 2022.
             Slain by a gnoll
             ... wielding a +0 flail
              (11 damage)
             ... on level 2 of the Dungeon.
             The game lasted 00:01:18 (867 turns).

Harunobu the Trooper (Minotaur Monk)                 Turns: 867, Time: 00:01:19

Health: -1/33      AC:  5    Str: 17    XL:     3   Next: 10%
Magic:  2/2        EV: 11    Int:  7    God:
Gold:   92         SH:  0    Dex: 12    Spells: 2/2 levels left

rFire   . . .      SeeInvis .    g - +1 dagger (venom)
rCold   . . .      Faith    .    (no shield)
rNeg    . . .      Spirit   .    i - +0 ring mail
rPois   .          Reflect  .    (helmet restricted)
rElec   .          Harm     .    (no cloak)
rCorr   .          Rampage  .    (no gloves)
Will    .....                    (no boots)
Stlth   +.........               (no amulet)
HPRegen 0.25/turn                (no ring)
MPRegen 0.08/turn                (no ring)

@: no status effects
A: horns 2, retaliatory headbutt
a: no special abilities


You were on level 2 of the Dungeon.
You visited 1 branch of the dungeon, and saw 2 of its levels.

You collected 92 gold pieces.

Inventory:

Hand Weapons
 a - a +0 mace
 g - a +1 dagger of venom (weapon)
Armour
 b - a +0 robe
 i - a +0 ring mail (worn)
Scrolls
 d - a scroll of vulnerability {unknown}
 f - a scroll of noise {unknown}
 h - a scroll of identify {unknown}
Potions
 c - a potion of ambrosia
 e - 2 potions of brilliance {unknown}
 j - a potion of mutation {unknown}


   Skills:
 + Level 4.2 Fighting
 - Level 3.6 Maces & Flails
 + Level 3.8 Dodging
 + Level 2.2 Stealth


You had 2 spell levels left.
You didn't know any spells.
Your spell library was empty.

Dungeon Overview and Level Annotations

Branches:
Dungeon (2/15)

Altars:

Annotations:
D:2 Sigmund


Innate Abilities, Weirdness & Mutations

You have a pair of horns on your head.
You reflexively headbutt those who attack you in melee.


Message History

Sigmund the Dreaded comes into view.
He is wielding a +0 scythe.
Sigmund shouts!
You see here a ball python corpse.
There is a stone staircase leading up here.
You climb upwards.
There is a stone staircase leading down here.
There is a stone staircase leading down here.
You climb downwards.
Level annotation: Sigmund The ball python hisses angrily.
The gnoll shouts!
You hear a shout!
Found 17 gold pieces.
There is a stone staircase leading up here.
The rat barely misses you.
A gnoll comes into view. It is wielding a +0 spear.
You hit the rat.
You kill the rat!
A gnoll comes into view. It is wielding a +0 halberd.
The gnoll shouts!
The ball python closely misses you. x2
You hit the ball python.
The ball python is severely wounded.
The ball python barely misses you. The ball python closely misses you. x3
You closely miss the ball python. You headbutt the ball python.
You kill the ball python!
You hit the gnoll but do no damage.
The gnoll is poisoned.
You headbutt the gnoll.
The gnoll is moderately wounded.
The gnoll closely misses you.
The gnoll hits you from afar with a +0 spear.
The gnoll hits you from afar with a +0 halberd!
The gnoll closely misses you. x2; You furiously retaliate!
You headbutt the gnoll. You hit the gnoll.
The gnoll is moderately wounded.
The gnoll closely misses you. The gnoll hits you but does no damage.
The gnoll closely misses you. The gnoll attacks as you move away!
The gnoll hits you with a +0 spear.
The gnoll hits you from afar with a +0 spear.
The gnoll hits you with a +0 flail!
You die...

#...........
##..........
.......$...##
#..........#
#..........# #
.#....g.....###.#
......g.........#
........g..#.#...
..#.....@......#
#.......<..#.#.#
#####.###.†....#
#. #....### ..
###### ##


You could see 3 gnolls.

Vanquished Creatures
  A gnoll (D:1)
  A worm (D:2)
  3 ball pythons
  2 giant cockroaches (D:1)
  3 goblins (D:1)
  2 hobgoblins (D:1)
  2 jackals (D:1)
  A quokka (D:1)
  A frilled lizard (D:1)
  2 rats
18 creatures vanquished.

Notes
Turn   | Place    | Note
-------+----------+-------------------------------------------
     0 | D:1      | Harunobu the Minotaur Monk began the quest for the Orb.
     0 | D:1      | Reached XP level 1. HP: 19/19 MP: 0/0
   377 | D:1      | Reached XP level 2. HP: 27/27 MP: 1/1
   640 | D:1      | Reached skill level 4 in Fighting
   804 | D:2      | Reached XP level 3. HP: 29/33 MP: 2/2
   823 | D:2      | Noticed Sigmund
   867 | D:2      | Slain by a gnoll

Illustrated notes

Levels and vault maps discovered:
D:1:      grunt_arrival_crossed_arrows, layout_loops_ring
D:2:      layout_rooms, serial_glass, glass_columns_b, glass_columns_a,
          chequers_serial_rivers_micro_d, uniq_sigmund

Skill      XL: |  1  2 |
---------------+-------+-----
Stealth        | 2 |  2.2
Fighting       | 4 |  4.2
Maces & Flails | |  3.6
Dodging        | |  3.8

Action                   || total
-------------------------++-------
Melee: Mace              ||    10
       Dagger            ||    34
       Headbutt          ||     8
       Punch             ||     1
 Stab: Sleeping          ||     2
Armor: Ring mail         ||     9
Dodge: Dodged            ||    33

Table legend: (Time is in decaauts)
 A = Elapsed time spent in this place.
 B = Non-inter-level travel time spent in this place.
 C = Inter-level travel time spent in this place.
 D = Time resting spent in this place.
 E = Time spent auto-exploring this place.
 F = Levels seen in this place.
 G = Mean time per level.
                   A        B        C        D        E       F      G
               +--------+--------+--------+--------+--------+-----+--------+
         Total |    868 |    809 |     59 |    150 |    491 |   2 |  434.0 |
       Dungeon |    868 |    809 |     59 |    150 |    491 |   2 |  434.0 |
               +--------+--------+--------+--------+--------+-----+--------+

Top non-repeatable levels by time:
     D:1: 828 daAuts
     D:2: 40 daAuts
